 Dungeon Crawl Stone Soup version 0.24-a0-459-g225fefd530 (webtiles) character file.

Game seed: 7199618205571287471

936 Mrkan the Cudgeler (level 8, 0/51 HPs)
             Began as a Gargoyle Fighter on June 27, 2019.
             Slain by a howler monkey (4 damage)
             ... on level 5 of the Dungeon on June 28, 2019.
             The game lasted 00:07:07 (4008 turns).

Mrkan the Cudgeler (Gargoyle Fighter)               Turns: 4008, Time: 00:07:08

Health: 0/51       AC: 18    Str: 22    XL:     8   Next: 12%
Magic:  8/8        EV:  4    Int:  9    God:
Gold:   268        SH: 10    Dex:  9    Spells: 7/7 levels left

rFire    . . .     SeeInvis +   a - +0 flail
rCold    . . .     Gourm    .   c - +0 shield
rNeg     + . .     Faith    .   j - +0 plate armour
rPois    ∞         Spirit   .   B - +0 helmet
rElec    +         Reflect  .   (no cloak)
rCorr    .         Harm     .   (no gloves)
MR       .....                  (no boots)
Stlth    ..........             (no amulet)
HPRegen  0.17/turn              s - ring of see invisible
MPRegen  0.11/turn              (no ring)

@: no status effects
A: negative energy resistance 1, electricity resistance, unbreathing,
petrification resistance, rot immunity, AC +5
a: no special abilities


You were on level 5 of the Dungeon.
You were not hungry.

You visited 1 branch of the dungeon, and saw 5 of its levels.
You also visited: Sewer.

You collected 268 gold pieces.

Inventory:

Hand Weapons
 a - a +0 flail (weapon)
 i - a +1 vampiric whip
Armour
 c - a +0 shield (worn)
 j - a +0 plate armour (worn)
 B - a +0 helmet (worn)
Jewellery
 s - a ring of see invisible (left hand)
Wands
 o - a wand of flame (10)
 w - a wand of acid (11)
Scrolls
 b - a scroll of remove curse
 k - 3 scrolls of teleportation {unknown}
 l - a scroll of acquirement {unknown}
 m - a scroll of identify
 q - a scroll of blinking {unknown}
 A - 2 scrolls of magic mapping {unknown}
Potions
 d - a potion of might
 e - 2 potions of curing
 g - a potion of haste {unknown}
 h - 2 potions of lignification {unknown}
 n - 2 potions of agility {unknown}
 p - a potion of degeneration {unknown}
 r - 3 potions of invisibility {unknown}
 t - a potion of brilliance {unknown}
 u - 2 potions of heal wounds {unknown}
 v - 2 potions of flight {unknown}
 z - a potion of cancellation {unknown}
Comestibles
 f - 3 rations
 x - 3 chunks of flesh


   Skills:
 + Level 5.9 Fighting
 * Level 6.6 Maces & Flails
 - Level 3.2 Armour
 + Level 5.9 Shields


You had 7 spell levels left.
You didn't know any spells.
Your spell library was empty.

Dungeon Overview and Level Annotations

Branches:
Dungeon (5/15)
 Temple: D:4-7

Altars:
Ru


Innate Abilities, Weirdness & Mutations

You are resistant to torment.
Your stone body is resilient. (AC +5)
You are immune to poison.
You resist negative energy. (rN+)
You are resistant to electric shocks. (rElec)
You can survive without breathing.
You are immune to petrification.
You are immune to rotting.


Message History

The orc hits you but does no damage.
You thump the orc!
You kill the orc!
The orc priest invokes the aid of Beogh against you.
Beogh smites you!
* * * LOW HITPOINT WARNING * * *
The orc priest hits you but does no damage.
Things that are here:
a +0 hand axe; a necrophage corpse You block the orc priest's attack.
You hit the howler monkey.
The howler monkey is moderately wounded.
The howler monkey hits you but does no damage.
The orc priest mumbles some strange prayers to Beogh against you.
Beogh smites you!
* * * LOW HITPOINT WARNING * * *
You closely miss the howler monkey.
The howler monkey is moderately wounded.
The howler monkey hits you.
You die...

..### ....## .#...#
.....# .....# .
.....## ######.#
.÷....#########....#.#
...##..)..##.........#
#########...)..o@h...#
####.........##
#...........#
#.........#..#
#........## ..
###......# . ####...#
##..# #..#


You could see a howler monkey and an orc priest.

Vanquished Creatures
  A phantom (D:4)
  A necrophage (D:5)
  A sky beast (D:2)
  A centaur (D:5)
  A crocodile (Sewer)
  A scorpion (D:4)
  A crimson imp (D:5)
  An orc priest (D:5)
  An iguana (D:5)
  An orc wizard (D:4)
  Natasha (thrice) (D:4)
  3 worker ants
  8 adders
  2 river rats (D:3)
  2 worms
  A dart slug (D:1)
  3 leopard geckos
  20 orcs
  5 giant cockroaches
  6 goblins
  9 hobgoblins
  6 jackals
  4 quokkas
  A ball python (D:3)
  8 bats
  3 frilled lizards
  11 kobolds
  8 rats
113 creatures vanquished.

Notes
Turn   | Place    | Note
-------+----------+-------------------------------------------
     0 | D:1      | Mrkan the Gargoyle Fighter began the quest for the Orb.
     0 | D:1      | Reached XP level 1. HP: 14/14 MP: 1/1
   169 | D:1      | Reached XP level 2. HP: 19/19 MP: 2/2
   480 | D:1      | Reached XP level 3. HP: 20/23 MP: 3/3
  1368 | D:2      | Reached skill level 3 in Maces & Flails
  1599 | D:2      | Noticed a sky beast
  1662 | D:2      | Killed a sky beast
  1662 | D:2      | Reached XP level 4. HP: 14/29 MP: 4/4
  1662 | D:2      | Reached XP level 5. HP: 16/33 MP: 5/5
  1769 | D:2      | Reached skill level 4 in Maces & Flails
  1819 | D:2      | Found a sacrificial altar of Ru.
  2704 | D:3      | Reached XP level 6. HP: 30/39 MP: 6/6
  2835 | D:3      | Found a glowing drain.
  2842 | Sewer    | Entered a sewer
  2916 | Sewer    | Reached skill level 5 in Maces & Flails
  3214 | D:4      | Reached skill level 5 in Fighting
  3214 | D:4      | Reached skill level 5 in Shields
  3214 | D:4      | Reached XP level 7. HP: 39/44 MP: 7/7
  3308 | D:4      | Noticed Natasha
  3317 | D:4      | Killed Natasha
  3359 | D:4      | Noticed Natasha
  3367 | D:4      | Killed Natasha
  3375 | D:4      | Noticed Natasha
  3384 | D:4      | Killed Natasha
  3724 | D:5      | Entered Level 5 of the Dungeon
  3738 | D:5      | Reached skill level 6 in Maces & Flails
  3952 | D:5      | Reached XP level 8. HP: 38/51 MP: 8/8
  4008 | D:5      | Slain by a howler monkey

Levels and vault maps discovered:
D:1:      lemuel_arrival_river_ford, layout_loops_corners, minivault_24
D:2:      layout_basic, nicolae_ru_path_of_blood
D:3:      layout_rooms, portal_sewer_entry_e, minmay_quadrilaterals
D:4:      layout_loops_cross, uniq_natasha
D:5:      layout_cave_pods, first_ration, st_stairs_8, bh_walls_and_bars

Skill      XL: |  1  2  3  4  5  6  7 |
---------------+----------------------+-----
Maces & Flails | 3 4 5 6 |  6.6
Fighting       | 4 5 |  5.9
Shields        | 4 5 |  5.9
Armour         | |  3.2

Action                   |  1- 3 |  4- 6 |  7- 9 || total
-------------------------+-------+-------+-------++-------
Melee: Flail             |    84 |   223 |   132 ||   439
       Whip              |   184 |       |       ||   184
  Use: Scroll            |     3 |       |     3 ||     6
  Eat: Chunk             |     2 |     6 |     3 ||    11
Armor: Scale mail        |    41 |       |       ||    41
       Plate armour      |   133 |   225 |   100 ||   458
Dodge: Dodged            |    47 |    37 |    17 ||   101
Block: Shield            |   118 |   167 |    66 ||   351

Table legend:
 A = Non-vault XP
 B = Vault XP
 C = Vault XP percentage of total XP
 D = Non-vault monster count
 E = Vault monster count
 F = Vault count percentage of total count
                 A         B        C        D         E       F
            +---------+---------+-------+---------+---------+-------
      Total |    1085 |     253 |  18.9 |      92 |      21 |  18.6
            +---------+---------+-------+---------+---------+-------
        D:1 |      37 |       0 |   0.0 |      21 |       0 |   0.0
        D:2 |     188 |       0 |   0.0 |      13 |       0 |   0.0
        D:3 |     110 |      50 |  31.2 |      25 |      12 |  32.4
        D:4 |     387 |      37 |   8.7 |      21 |       1 |   4.5
        D:5 |     363 |      52 |  12.5 |      12 |       2 |  14.3
      Sewer |       0 |     114 | 100.0 |       0 |       6 | 100.0
            +---------+---------+-------+---------+---------+-------
